AoeStats
← [NICE_ASS] BigMasi

African Clearing

504816540Analyzed
3v3 RM · 26d ago on Sep 6, 2026· 46m 25s· 6 players
Game mode
Random Map
Map size
Normal (6 player)
Population
200
Speed
Normal
Resources
Standard
Victory
Conquest
Starting age
Dark Age
Ending age
Imperial Age
RankedLock teamsTeams togetherTeam positionsShared explorationLock speedFull tech treeHidden civsTurbo modeCheats
Victory
Defeat
🇨🇭 Vietnamese · Switzerland
1228
+17
🇨🇭 Mongols · Switzerland
1156
+20
🇨🇭 Spanish · Switzerland
1127
+20
🇸🇪 Japanese · Sweden
1265
-20
🇸🇪 Magyars · Sweden
1231
-19
🇸🇪 Cumans · Sweden
1221
-18
HELGE!!!!!!!!!!!
8:53 Loom
14:01 Feudal Age
14:26 Double-Bit Axe
23:10 Castle Age
23:07 Scale Barding Armor
23:17 Bloodlines
24:27 Chain Barding Armor
25:06 Bow Saw
30:36 Husbandry
43:38 Imperial Age
40:37 Elite Skirmisher
41:32 Fletching
41:31 Horse Collar
42:50 Wheelbarrow
42:16 Bodkin Arrow
42:50 Ballistics
43:46 Padded Archer Armor
45:20 Chemistry
44:21 Bracer
44:09 Cavalier
Kaos1000
5:47 Loom
17:04 Feudal Age
18:49 Double-Bit Axe
26:40 Castle Age
25:40 Stone Mining
26:23 Town Watch
27:48 Horse Collar
31:46 Bow Saw
33:11 Steppe Husbandry
34:07 Bloodlines
37:13 Scale Barding Armor
39:09 Chain Barding Armor
39:01 Forging
41:58 Gold Mining
45:33 Wheelbarrow
Kent-Agent
11:11 Loom
15:47 Feudal Age
16:08 Horse Collar
16:15 Double-Bit Axe
18:01 Fletching
23:35 Castle Age
21:55 Padded Archer Armor
21:52 Gold Mining
23:24 Wheelbarrow
25:32 Bodkin Arrow
26:36 Bow Saw
29:58 Stone Mining
30:51 Ballistics
32:08 Heavy Plow
33:57 Gold Shaft Mining
38:59 Imperial Age
37:43 Hand Cart
38:11 Leather Archer Armor
38:16 Thumb Ring
39:25 Heavy Cavalry Archer
40:34 Bracer
41:33 Parthian Tactics
42:19 Ring Archer Armor
42:10 Conscription
43:02 Chemistry
43:34 Two-Man Saw
43:48 Kataparuto
43:39 Town Watch
46:18 Husbandry
[NICE_ASS] BigMasi
11:14 Loom
14:20 Feudal Age
14:27 Feudal Age
14:37 Loom
19:18 Castle Age
17:16 Double-Bit Axe
17:13 Horse Collar
19:28 Stone Mining
19:33 Gold Mining
21:32 Bow Saw
24:14 Fletching
28:22 Bodkin Arrow
31:19 Ballistics
32:50 Wheelbarrow
33:42 Hand Cart
35:14 Padded Archer Armor
35:28 Thumb Ring
35:24 Town Watch
39:46 Imperial Age
38:54 Leather Archer Armor
41:28 Chemistry
41:16 Bracer
43:20 Ring Archer Armor
43:06 Siege Engineers
44:07 Scale Mail Armor
44:18 Forging
43:59 Arson
44:14 Squires
45:49 Chain Mail Armor
46:27 Paper Money
47:15 Plate Mail Armor
rapidraphi
12:09 Feudal Age
13:04 Loom
13:55 Double-Bit Axe
19:10 Castle Age
28:41 Fletching
31:21 Town Watch
31:53 Padded Archer Armor
32:15 Bloodlines
33:07 Bodkin Arrow
33:53 Leather Archer Armor
34:39 Wheelbarrow
33:51 Horse Collar
34:32 Heavy Plow
39:05 Imperial Age
37:17 Hand Cart
37:41 Ballistics
38:16 Town Patrol
38:29 Forging
39:06 Capped Ram
40:10 Drill
40:11 Conscription
40:31 Bow Saw
41:23 Siege Ram
43:01 Bracer
44:05 Onager
45:00 Elite Mangudai
46:31 Hoardings
juffie
11:40 Loom
13:42 Feudal Age
14:54 Double-Bit Axe
19:07 Castle Age
19:58 Gold Mining
20:35 Bow Saw
25:26 Padded Archer Armor
26:27 Wheelbarrow
26:19 Horse Collar
27:13 Bloodlines
27:42 Leather Archer Armor
29:00 Husbandry
29:10 Stone Mining
31:02 Town Watch
31:28 Gold Mining
36:04 Heavy Plow
39:46 Imperial Age
37:22 Herbal Medicine
38:43 Hand Cart
39:11 Scale Barding Armor
40:37 Chain Barding Armor
40:43 Elite Conquistador
41:45 Conscription
42:11 Ring Archer Armor
43:12 Two-Man Saw
42:52 Plate Barding Armor
41:45 Light Cavalry
42:34 Fletching
42:09 Capped Ram
44:11 Hoardings
43:56 Siege Ram
45:39 Bodkin Arrow
45:08 Hussar
Connection lost

Rejoining the realm…

Still unreachable

The connection could not be restored.

Session expired

The server has moved on; the page needs a fresh start.